 Dungeon Crawl Stone Soup version 0.27.0-1-g7a089689b8 (webtiles) character file.

Game seed: 10718671806354669352

77 Ozzies the Skirmisher (level 4, -2/41 HPs)
             Began as a Palentonga Monk on Aug 1, 2021.
             Slain by an orc (3 damage)
             ... on level 2 of the Dungeon.
             The game lasted 00:03:01 (2801 turns).

Ozzies the Skirmisher (Palentonga Monk)             Turns: 2801, Time: 00:03:01

Health: -2/41      AC:  4    Str: 15    XL:     4   Next: 13%
Magic:  4/4        EV: 10    Int: 10    God:
Gold:   32         SH:  0    Dex: 13    Spells: 3/3 levels left

rFire    . . .     SeeInvis +     - Unarmed
rCold    . . .     Faith    .   (no shield)
rNeg     . . .     Spirit   .   a - +0 robe
rPois    .         Reflect  .   (no helmet)
rElec    .         Harm     .   (no cloak)
rCorr    .         Rampage  .   (no gloves)
Will     .....                  (no barding)
Stlth    ++........             (no amulet)
HPRegen  0.13/turn              (no ring)
MPRegen  0.09/turn              (no ring)

@: no status effects
A: large, rugged brown scales 3, see invisible, deformed body, roll 1, armoured
tail
a: Rolling Charge


You were on level 2 of the Dungeon.
You visited 1 branch of the dungeon, and saw 3 of its levels.

You collected 32 gold pieces.

Inventory:

Missiles
 d - 109 stones
Armour
 a - a +0 robe (worn)
 j - a +1 kite shield
Potions
 b - a potion of might {@q3 !q}
 c - a potion of lignification {unknown}
 f - a potion of cancellation {unknown}
 h - 2 potions of flight {unknown}


   Skills:
 + Level 5.0 Fighting
 - Level 2.4 Dodging
 - Level 1.2 Stealth
 - Level 3.0 Unarmed Combat


You had 3 spell levels left.
You didn't know any spells.
Your spell library was empty.

Dungeon Overview and Level Annotations

Branches:
Dungeon (3/15)

Altars:
Dithmenos


Innate Abilities, Weirdness & Mutations

You are completely covered in rugged brown scales. (AC +3, +7% HP)
You have supernaturally acute eyesight. (SInv)
Armour fits poorly on your strangely shaped body.
You can roll at nearby foes to attack.
You have a long armoured tail.


Message History

No target in view!
No target in view!
No target in view!
No target in view!
No target in view!
No target in view!
You see here 16 poisoned darts.
A goblin comes into view. It is wielding a +0 club.
The goblin closely misses you.
You hit the goblin.
The goblin is severely wounded.
The goblin hits you but does no damage.
You hit the goblin.
You kill the goblin!
No target in view!
No target in view!
No target in view!
No target in view!
No target in view!
No target in view!
No target in view!
No target in view!
No target in view!
You see here a +0 club.
An orc comes into view. It is wielding a +0 falchion.
An orc wizard comes into view. It is wielding a +0 dagger.
There's nothing you can charge at!
The orc shouts!
The orc wizard shouts!
The orc wizard gestures at you while chanting.
You resist with some effort.
You hear a shout!
Found a stone staircase leading down.
Roll where?
Press: ? - help, Dir - move target, f - orc wizard
Aim: an orc wizard, wielding a +0 dagger and wearing a +0 robe That's out of range!
Okay, then.
An orc comes into view. It is wielding a +0 flail.
The orc shouts!
The orc hits you but does no damage.
A frilled lizard comes into view.
Roll where?
Press: ? - help, Dir - move target, f - orc wizard
Aim: an orc wizard, wielding a +0 dagger and wearing a +0 robe You roll forward with a clatter of scales!
You closely miss the orc wizard. The orc barely misses you.
The orc wizard gestures wildly while chanting.
The orc wizard flickers and vanishes for a moment.
Found a stone staircase leading up.
You hit the orc wizard.
The orc wizard is moderately wounded.
The orc hits you but does no damage. x2
The orc wizard gestures at you while chanting.
You are confused.
The orc closely misses you. The orc misses you.
You bump into the rock wall.
The orc hits you but does no damage. The orc closely misses you.
The orc wizard barely misses you.
You miss the orc wizard.
The orc wizard is moderately wounded.
The orc barely misses you. The orc hits you with a +0 flail.
The orc wizard closely misses you.
You hit the orc wizard.
Your tail-slap misses the orc wizard.
The orc wizard is moderately wounded.
The orc hits you with a +0 falchion. The orc hits you with a +0 flail.
The orc wizard barely misses you. The orc hits you with a +0 falchion.
You're too confused to move!
You feel less confused. The orc hits you with a +0 falchion.
The orc hits you with a +0 flail.
You closely miss the orc. The orc barely misses you. x2
You hit the orc but do no damage.
Your tail-slap misses the orc.
The orc hits you with a +0 falchion. The orc completely misses you.
There is a stone staircase leading down here.
The orc barely misses you.
You hit the orc but do no damage. The orc hits you with a +0 flail.
You are too injured to fight recklessly!
The orc wizard gestures wildly while chanting.
The orc wizard flickers and vanishes for a moment.
There is a stone staircase leading up here.
The orc hits you with a +0 flail.
You climb upwards.
There is a stone staircase leading down here.
You closely miss the orc. The orc closely misses you.
You hit the orc but do no damage. The orc hits you with a +0 flail!
* * * LOW HITPOINT WARNING * * *
You hit the orc but do no damage. The orc hits you with a +0 flail.
* * * LOW HITPOINT WARNING * * *
You closely miss the orc. The orc hits you but does no damage.
You hit the orc.
The orc is lightly wounded.
The orc barely misses you.
You hit the orc but do no damage.
Your tail-slap misses the orc.
You punch the orc, but do no damage.
The orc is lightly wounded.
The orc hits you with a +0 flail.
* * * LOW HITPOINT WARNING * * *
You closely miss the orc.
The orc is lightly wounded.
The orc hits you with a +0 flail.
You die...

......#####.....##.....#####.####
.............##........##.......#
......######.#####.....##.##.#..#
...#### #.# ##......##.##.#..#
##.# #.###...######.##.#..# #.#
#.##.....## #.......# ##.#
#.....)...# #......## ...#
####.....## ####.### .### ##@o.##
#.# .######## ##.##########.#
........# #......#..)...#
#..####'#### #...........###
#.##≈≈≈.≈≈≈# #.._........#
..##≈≈≈.≈≈≈# #...........#
####≈≈.≈.≈≈# #......#...##
####≈.≈≈≈.≈# ##.....#####
...#≈≈.≈.≈≈# #######


You could see an orc.

Vanquished Creatures
  2 adders (D:2)
  A worm (D:3)
  2 dart slugs
  5 ball pythons
  6 endoplasms
  5 giant cockroaches
  7 goblins
  3 hobgoblins
  2 quokkas (D:2)
  5 bats
  5 kobolds
  4 rats (D:1)
47 creatures vanquished.

Notes
Turn   | Place    | Note
-------+----------+-------------------------------------------
     0 | D:1      | Ozzies the Palentonga Monk began the quest for the Orb.
     0 | D:1      | Reached XP level 1. HP: 19/19 MP: 1/1
   236 | D:1      | Reached XP level 2. HP: 13/25 MP: 2/2
   774 | D:1      | Reached skill level 4 in Fighting
   899 | D:1      | Found a faded altar of an unknown god.
  1202 | D:1      | Reached XP level 3. HP: 32/32 MP: 3/3
  1459 | D:2      | HP: 1/33 [poisoned by an adder]
  2152 | D:2      | Found a shadowy altar of Dithmenos.
  2241 | D:2      | Reached XP level 4. HP: 34/40 MP: 4/4
  2247 | D:2      | Reached skill level 5 in Fighting
  2800 | D:2      | HP: 1/41 [orc (3)]
  2801 | D:2      | Slain by an orc

Illustrated notes

Levels and vault maps discovered:
D:1:      saegor_arrival_simple_c, layout_basic,
          hellmonk_ecumenical_altar_heavens_door, chequers_jeans
D:2:      layout_loops_cross, basic_altar, kennysheep_generic_room_9
D:3:      layout_loops_ring, nicolae_vehumet_radiance

Skill      XL: |  1  2  3  4 |
---------------+-------------+-----
Fighting       | 4 5 |  5.0
Dodging        | |  2.4
Stealth        | |  1.2
Unarmed Combat | |  3.0

Action                   |  1- 3 |  4- 6 || total
-------------------------+-------+-------++-------
Melee: Unarmed           |   130 |    27 ||   157
       Tailslap          |    17 |     2 ||    19
       Punch             |     3 |     1 ||     4
 Abil: Rolling Charge    |     9 |     2 ||    11
  Use: Scroll            |       |     4 ||     4
 Stab: Sleeping          |     3 |       ||     3
Armor: Robe              |    34 |    16 ||    50
Dodge: Dodged            |    49 |    22 ||    71
